AoeStats
← Infadel

Arabia

509765620Analyzed
1v1 RM · 4d ago on Sep 27, 2026· 16m 58s· 2 players
Game mode
Random Map
Map size
Tiny (2 player)
Population
200
Speed
Normal
Resources
Standard
Victory
Conquest
Starting age
Dark Age
Ending age
Imperial Age
RankedLock teamsTeams togetherTeam positionsShared explorationLock speedFull tech treeHidden civsTurbo modeCheats
Victory
Defeat
🇮🇳 Portuguese · India
1106
+14
🇺🇸 Portuguese · United States
1064
-14
Toothyrhombus4
8:16 Loom
10:18 Feudal Age
9:04 Loom
14:43 Castle Age
13:59 Horse Collar
14:11 Double-Bit Axe
Infadel
6:53 Loom
9:18 Feudal Age
11:37 Double-Bit Axe
Connection lost

Rejoining the realm…

Still unreachable

The connection could not be restored.

Session expired

The server has moved on; the page needs a fresh start.